 Dungeon Crawl Stone Soup version 0.32-a0-314-g526f7d4993 (webtiles) character file.

Game seed: 2391772256161862032

37 Bravepunisher the Ducker (level 3, -1/20 HPs)
             Began as a Spriggan Berserker on Feb 15, 2024.
             Was a Follower of Trog.
             Slain by Sigmund
             ... wielding a +0 scythe
              (10 damage)
             ... on level 2 of the Dungeon.
             The game lasted 00:02:29 (704 turns).

Bravepunisher the Ducker (Spriggan Berserker)        Turns: 704, Time: 00:02:30

Health: -1/20      AC:  2    Str: 15    XL:     3   Next: 21%
Magic:  4/4        EV: 18    Int:  8    God:    Trog [*.....]
Gold:   73         SH:  0    Dex: 14    Spells: 2/2 levels left

rFire   . . .        a - +0 mace
rCold   . . .        (no shield)
rNeg    . . .        b - +0 animal skin
rPois   .            (helmet restricted)
rElec   .            (no cloak)
rCorr   .            (gloves unavailable)
SInv    +            (boots unavailable)
Will    .....        (no amulet)
Stlth   +            (no ring)
HPRegen 0.23/turn    (no ring)
MPRegen 0.09/turn

%: no passive effects
@: on berserk cooldown, slowed, quick
A: very small, no large weapons, unfitting armour, see invisible, speed 3
a: Renounce Religion, Berserk


You were on level 2 of the Dungeon.
You worshipped Trog.
Trog was aware of your devotion.
You visited 1 branch of the dungeon, and saw 2 of its levels.

You collected 73 gold pieces.

Inventory:

Hand Weapons
 a - a +0 mace (weapon)
Missiles
 f - 2 throwing nets (quivered)
Armour
 b - a +0 animal skin (worn)
Talismans
 i - a beast talisman
Scrolls
 d - a scroll of identify {unknown}
 e - 3 scrolls of teleportation {unknown}
 g - a scroll of noise {unknown}
 h - a scroll of torment {unknown}
 k - a scroll of enchant weapon {unknown}
Potions
 c - a potion of berserk rage {unknown}
 j - a potion of brilliance {unknown}


   Skills:
 * Level 3.2 Fighting
 + Level 2.5 Maces & Flails
 - Level 4.0 Dodging
 + Level 0.1 Shapeshifting


You had 2 spell levels left.
You didn't know any spells.
Your spell library was empty.

Dungeon Overview and Level Annotations

Branches:
Dungeon (2/15)

Altars:

Annotations:
D:2 Sigmund


Innate Abilities, Weirdness & Mutations

You are very small and have problems with some larger weapons.
You are too small for most types of armour.
You have supernaturally acute eyesight. (SInv)
You cover ground extremely quickly. (Speed+++)


Message History

Sigmund says, "Now you see me, now you don't..."
Sigmund misses you.
You sock Sigmund!
Sigmund is moderately wounded.
You closely miss Sigmund.
Sigmund is moderately wounded.
Sigmund hits you with a +0 scythe.
You closely miss Sigmund.
Sigmund is moderately wounded.
You hit Sigmund.
Sigmund is heavily wounded.
Sigmund points at you and mumbles some strange words.
You are confused.
Unknown command.
You're too confused to move!
You feel a strong urge to attack something.
Sigmund misses you.
You are no longer berserk.
You are exhausted.
You feel yourself slow down.
You are too confused!
Unknown command.
Sigmund misses you. Sigmund closely misses you.
You bump into the rock wall.
You feel less confused. Sigmund hits you with a +0 scythe.
Unknown command.
Sigmund is nearby!
Sigmund misses you.
You begin transforming.
You continue transforming.
Sigmund gestures at you while chanting. The puff of flame hits you.
You continue transforming.
Sigmund hits you with a +0 scythe.
You continue transforming.
Sigmund hits you with a +0 scythe!
Ouch! That really hurt!
You die...
Sigmund begins carving another notch in his scythe.

########.#
#........#
#........#
#........#
#........#
#........+
.#........#
.......@..#
####...@##
#....# . #....#
#####
#.##....###
#.....
..........##
##......
...........##
#.......
+............#
#.......
>............#
#.......
.............###
#.......


You could see Sigmund.

Vanquished Creatures
  3 bats
  An endoplasm (D:1)
  A giant cockroach (D:1)
  A goblin (D:1)
  2 hobgoblins (D:1)
  3 jackals (D:1)
  2 quokkas (D:1)
  2 ball pythons (D:1)
  A frilled lizard (D:1)
  A kobold (D:1)
  4 rats
21 creatures vanquished.

Notes
Turn   | Place    | Note
-------+----------+-------------------------------------------
     0 | D:1      | Bravepunisher the Spriggan Berserker began the quest for
                  | the Orb.
     0 | D:1      | Reached XP level 1. HP: 11/11 MP: 2/2
   213 | D:1      | Reached XP level 2. HP: 16/16 MP: 3/3
   423 | D:1      | Reached XP level 3. HP: 18/20 MP: 4/4
   684 | D:2      | Noticed Sigmund
   704 | D:2      | Slain by Sigmund

Illustrated notes

Levels and vault maps discovered:
D:1:      lightli_arrival_statue_moat, layout_loops_ring
D:2:      layout_rooms, serial_shops, nicolae_shop_tiny_real_fake_doors,
          nrook_uturn, uniq_sigmund, uniq_terence

Skill      XL: |  1  2 |
---------------+-------+-----
Fighting       | 3 |  3.2
Maces & Flails | |  2.5
Dodging        | |  4.0
Shapeshifting  | |  0.1

Action                     || total
---------------------------++-------
  Melee: Mace              ||    71
 Invoke: Berserk           ||     1
   Stab: Sleeping          ||     4
 Armour: Animal skin       ||    20
  Dodge: Dodged            ||    73
   Form: Beast             ||     1

Table legend: (Time is in decaauts)
 A = Elapsed time spent in this place.
 B = Non-inter-level travel time spent in this place.
 C = Inter-level travel time spent in this place.
 D = Time resting spent in this place.
 E = Time spent auto-exploring this place.
 F = Levels seen in this place.
 G = Mean time per level.
                   A        B        C        D        E       F      G
               +--------+--------+--------+--------+--------+-----+--------+
         Total |    489 |    480 |      9 |      0 |    286 |   2 |  244.5 |
       Dungeon |    489 |    480 |      9 |      0 |    286 |   2 |  244.5 |
               +--------+--------+--------+--------+--------+-----+--------+

Top non-repeatable levels by time:
     D:1: 414 daAuts
     D:2: 74 daAuts
